Unix NetHack Version 3.7.0-95 Work-in-progress - last build Jan 1 2024 20:51:50 (6a0ccc5fa2390e420dd2d488a2f9488d2ae3a63b,branch:master). Game began 2024-01-06 19:31:34, ended 2024-01-06 19:56:26. Arasaka, neutral male human Tourist ---------- -------------#########0###########.....{...| |...........|# ---------- |........| #............|# |........-## #..>......| #|...|.......|# |{..<....| # #|....^...| #|...........-######.........| # #-------|-- #-.----------- |........| #### ## # ###########0 |........-#)' # # # #### --------[- @ # #### ##) # # ------# --|-- # #### |.....# --...-- ###### # |..{.|# --.....-- # -------|- |....|# |.......-#------.- |.......| |.....# |.......|#|`.....- |.......| ------ |.[.....|#-......| |.......| --.....--#|......| |.......- --...-- #.......| |.......| ----- -------- --------- Arasaka the Sightseer St:10 Dx:12 Co:18 In:12 Wi:10 Ch:16 Neutral Dlvl:7 $:592 HP:0(49) Pw:23(23) AC:1 Xp:5/249 T:3396 Latest messages: What do you want to write with? [- asvzEMO or ?*] Do you want to add to the current engraving? [ynq] (y) You wipe out the message that was written in the dust here. You write in the dust with your fingertip. Something is written here in the dust. You read: "El7ereth". You see no objects here. What do you want to write with? [- asvzEMO or ?*] Do you want to add to the current engraving? [ynq] (y) You wipe out the message that was written in the dust here. You write in the dust with your fingertip. The shrieker shrieks. You hear someone incant JUYED AWK YACC. Something is written here in the dust. You read: "ElbereRh". You see no objects here. What do you want to write with? [- asvzEMO or ?*] Do you want to add to the current engraving? [ynq] (y) You wipe out the message that was written in the dust here. You write in the dust with your fingertip. You hear a crunching sound. Something is written here in the dust. You read: "Elbereth". You see no objects here. The gold golem turns to flee. The shrieker shrieks. The shrieker turns to flee. You hear a crunching sound. You kill the shrieker! You see here a shrieker corpse. The jaguar hits! The jaguar hits again! The jaguar bites! What do you want to zap? [svE or ?*] In what direction? The sleep ray hits the jaguar. The sleep ray bounces! The sleep ray hits the jaguar. There is a shrieker corpse here; eat it? [ynq] (n) This shrieker corpse tastes okay. You stop eating the shrieker corpse. What do you want to write with? [- asvzEMO or ?*] Your scrolls of magic mapping would get too dirty. The gold golem misses! The gold golem misses! You hear a crunching sound. What do you want to zap? [svE or ?*] In what direction? The gold golem hits! You die... Inventory: Coins ('$') $ - 592 gold pieces Weapons (')') a - 26 uncursed +2 darts (at the ready) z - a blessed +0 scimitar (weapon in right hand) M - an uncursed +0 trident Armor ('[') q - a blessed +1 orcish helm (being worn) w - an uncursed +0 pair of elven boots (being worn) m - an uncursed +0 dwarvish mithril-coat (being worn) Comestibles ('%') b - 3 uncursed food rations g - 3 uncursed tripe rations c - an uncursed tin of dried jackal meat f - 2 uncursed eggs Scrolls ('?') Q - an uncursed scroll of create monster G - 2 uncursed scrolls of enchant armor u - an uncursed scroll of enchant weapon K - an uncursed scroll of identify i - 4 uncursed scrolls of magic mapping Potions ('!') N - a blessed potion of enlightenment C - an uncursed potion of gain energy B - 2 cursed potions of healing P - a blessed potion of invisibility y - a cursed potion of monster detection R - an uncursed potion of object detection Rings ('=') O - an uncursed +0 ring of increase damage Wands ('/') E - an uncursed wand of digging (0:4) s - an uncursed wand of locking (0:3) v - an uncursed wand of sleep (0:1) Tools ('(') J - an empty uncursed bag of holding l - an uncursed credit card k - an uncursed expensive camera (0:70) Arasaka the Tourist's attributes: Background: You were a Sightseer, a level 5 male human Tourist. You were neutral, on a mission for The Lady who was opposed by Blind Io (lawful) and Offler (chaotic). You were right-handed. You were in the Dungeons of Doom, on level 7. You entered the dungeon 3396 turns ago. You had 249 experience points, 71 more were needed to attain level 6. Basics: You had 0 out of 49 hit points. You had all 23 energy points (spell power). Your armor class was 1. Your wallet contained 592 zorkmids. Autopickup was on for '$"?' plus thrown, with exceptions. Final Characteristics: Your strength was 10 (limit:18/100). Your dexterity was 12 (limit:18). Your constitution was 18 (limit:18). Your intelligence was 12 (limit:18). Your wisdom was 10 (limit:18). Your charisma was 16 (limit:18). Final Status: You weren't hungry. You were unencumbered. You were wielding a saber. You had basic skill with saber. Final Attributes: You were piously aligned. You were stealthy. You were guarded. You are dead. Miscellaneous: You disabled loading of bones levels. Total elapsed playing time was 24 minutes and 51 seconds. Major events: Turn 1: Arasaka the neutral male human Tourist entered the dungeon 1161: attained the rank of Sightseer (level 3) 1707: entered the Gnomish Mines 3396: killed by a gold golem Vanquished creatures: a small mimic a dwarf mummy 2 rock piercers a rock mole a pony a shrieker a straw golem a homunculus 3 hill orcs 2 orc zombies a wererat 2 iguanas 2 coyotes a hobbit 4 manes 3 geckos 2 foxes 2 kobolds 3 goblins 4 sewer rats 7 grid bugs 2 bats 6 lichens 3 newts 56 creatures vanquished. No species were genocided or became extinct. Voluntary challenges: You read items or engraved 16 times. You engraved Elbereth 4 times. You never genocided any monsters. You never polymorphed an object. You never changed form. You used no wishes. Achievements: You attained the rank of Sightseer. You entered the Gnomish Mines. You entered a shop. The Dungeons of Doom: levels 1 to 8 Level 1: A fountain. Level 2: Some fountains. Level 3: Level 4: Some fountains. Stairs down to The Gnomish Mines. Level 5: A fountain. Level 6: Level 7: "v" <- You were here. Some fountains, a sink, a grave. Final resting place for you, killed by a gold golem. Level 8: A fountain. The Gnomish Mines: Level 5: Game over: ---------- / \ / REST \ / IN \ / PEACE \ / \ | Arasaka | | 592 Au | | killed by a gold | | golem | | | | | | 2024 | *| * * * | * _________)/\\_//(\/(/\)/\//\/|_)_______ Aloha Arasaka the Tourist... You died in The Dungeons of Doom on dungeon level 7 with 1420 points, and 592 pieces of gold, after 3396 moves. You were level 5 with a maximum of 49 hit points when you died.